 Dungeon Crawl Stone Soup version 0.19.4-8-ga85b6b9 (webtiles) character file.

33 SQman the Firebug (level 3, -1/27 HPs)
             Began as a Draconian Fire Elementalist on Feb 14, 2017.
             Slain by a jackal (2 damage)
             ... on level 1 of the Dungeon.
             The game lasted 00:04:08 (465 turns).

SQman the Firebug (Draconian Fire Elementalist)      Turns: 465, Time: 00:04:08

Health: -1/27      AC:  5    Str: 10    XL:     3   Next: 12%
Magic:  0/6        EV: 12    Int: 16    God:
Gold:   69         SH:  0    Dex: 11    Spells: 2 memorised, 3 levels left

rFire  . . .     SeeInvis .     c - +0 club
rCold  . . .     Gourm    .     (armour unavailable)
rNeg   . . .     Faith    .     (no shield)
rPois  .         Spirit   .     (helmet restricted)
rElec  .         Reflect  .     (no cloak)
rCorr  .         Harm     .     (no gloves)
MR     .....                    (no boots)
Stlth  ++........               (no amulet)
                                (no ring)
                                (no ring)

@: no status effects
A: unfitting armour, cold-blooded, AC +5
a: no special abilities


You were on level 1 of the Dungeon.
You were not hungry.

You visited 1 branch of the dungeon, and saw 1 of its levels.

You collected 69 gold pieces.

Inventory:

Hand Weapons
 c - a +0 club (weapon)
Potions
 e - a potion of curing
Books
 a - a book of Flames

   Spells                             Type                      Level
   a - Flame Tongue                   Conjuration/Fire             1
   b - Throw Flame                    Conjuration/Fire             2
   c - Conjure Flame                  Conjuration/Fire             3
   d - Inner Flame                    Hexes/Fire                   3
   e - Sticky Flame                   Conjuration/Fire             4
   f - Fireball                       Conjuration/Fire             5
Comestibles
 b - a bread ration
 d - 4 chunks of flesh
 f - a meat ration
 g - a beef jerky


   Skills:
 + Level 0.4 Fighting
 + Level 2.0 Dodging
 + Level 1.8 Stealth
 + Level 2.4 Spellcasting
 + Level 1.3 Conjurations
 + Level 3.4 Fire Magic


You had 3 spell levels left.
You knew the following spells:

 Your Spells              Type           Power        Failure   Level  Hunger
a - Flame Tongue          Conj/Fire      #....        10%         1    #......
b - Throw Flame           Conj/Fire      #.....       14%         2    ###....


Dungeon Overview and Level Annotations

Branches:
Dungeon (1/15)

Altars:


Innate Abilities, Weirdness & Mutations

Your plain brown scales are hard. (AC +5)
You cannot fit into any form of body armour.
You are cold-blooded and may be slowed by cold attacks.


Message History

The goblin is severely wounded.
The goblin misses you. The goblin hits you.
* * * LOW HITPOINT WARNING * * *
Casting: Flame Tongue
Confirm with . or Enter, or press ? or * to list all spells.
Aiming: Flame Tongue
Press: ? - help, Shift-Dir - straight line, f - goblin, p - goblin
Aim: a goblin The flame tongue hits the goblin.
You kill the goblin!
The jackal closely misses you. The goblin closely misses you.
The jackal barely misses you.
Casting: Flame Tongue
Confirm with . or Enter, or press ? or * to list all spells.
You don't have enough magic to cast that spell.
You hit the goblin.
You kill the goblin!
The jackal bites you but does no damage.
The jackal bites you.
You die...

#..≈P.P#........)'...........
##.P).##.........#...........
#..#.###.........# ....
##.##.###.........# ...
#..............##.# .
######.........# .#
#.........# .# #.^.......# .#
#.......@.# #......h††#
########r## #'# ... ... .....
..... ...h...


You could see a jackal and a rat.

Vanquished Creatures
  An ooze (D:1)
  A dart slug (D:1)
  A bat (D:1)
  A giant cockroach (D:1)
  6 goblins (D:1)
  5 hobgoblins (D:1)
  3 jackals (D:1)
  2 kobolds (D:1)
  A frilled lizard (D:1)
  3 rats (D:1)
24 creatures vanquished.

Notes
Turn   | Place    | Note
-------+----------+-------------------------------------------
     0 | D:1      | SQman the Draconian Fire Elementalist began the quest for the Orb.
     0 | D:1      | Reached XP level 1. HP: 14/14 MP: 3/3
    25 | D:1      | Reached XP level 2. HP: 17/20 MP: 0/5
    30 | D:1      | Learned a level 2 spell: Throw Flame
   430 | D:1      | HP: 1/20 [hobgoblin/club (4)]
   454 | D:1      | Reached XP level 3. HP: 4/26 MP: 4/6
   463 | D:1      | HP: 1/26 [goblin (3)]
   465 | D:1      | Slain by a jackal

Skill      XL: |  1  2 |
---------------+-------+-----
Dodging        | 2 |  2.0
Fighting       | |  0.4
Stealth        | |  1.8
Spellcasting   | |  2.4
Conjurations   | |  1.3
Fire Magic     | |  3.4

Action                   || total
-------------------------++-------
Melee: Club              ||    37
       Tailslap          ||     2
 Cast: Flame Tongue      ||    18
       Throw Flame       ||     4
  Use: Scroll            ||     1
       Potion            ||     1
Armor: Skin              ||     4
Dodge: Dodged            ||    26
